 Dungeon Crawl Stone Soup version 0.19-a0-1697-g0595f0e (webtiles) character file.

31 Amnesiac the Magician (level 3, -3/19 HPs)
             Began as a Deep Elf Wizard on Sept 26, 2016.
             Slain by an ogre
             ... wielding a cursed +0 giant spiked club
              (22 damage)
             ... on level 4 of the Dungeon.
             The game lasted 00:02:59 (1128 turns).

Amnesiac the Magician (Deep Elf Wizard)             Turns: 1128, Time: 00:03:00

Health: -3/19      AC:  4    Str:  4    XL:     3   Next: 7%
Magic:  2/11       EV: 13    Int: 23    God:
Gold:   66         SH:  0    Dex: 13    Spells: 5 memorised, 1 level left

rFire  . . .     SeeInvis .     (no weapon)
rCold  . . .     Gourm    .     a - +0 robe
rNeg   . . .     Faith    .     (no shield)
rPois  .         Spirit   .     b - +0 hat
rElec  .         Dismiss  .     j - +0 cloak
rCorr  .         Reflect  .     (no gloves)
MR     .....     Harm     .     (no boots)
Stlth  ++........               (no amulet)
                                (no ring)
                                (no ring)

@: very slightly contaminated, repel missiles
A: no striking features
a: no special abilities


You were on level 4 of the Dungeon.
You were hungry.

You visited 1 branch of the dungeon, and saw 4 of its levels.

You collected 66 gold pieces.

Inventory:

Missiles
 f - 53 stones (quivered)
Armour
 a - a +0 robe (worn)
 b - a +0 hat (worn)
 j - a +0 cloak (worn)
Jewellery
 n - an uncursed ring of protection from magic {unknown}
Scrolls
 g - 2 scrolls of teleportation {unknown}
 h - a scroll of magic mapping {unknown}
 i - a scroll of identify {unknown}
 m - a scroll of remove curse {unknown}
 p - a scroll of enchant armour {unknown}
Potions
 e - a potion of might {unknown}
 k - a potion of lignification {unknown}
 l - a potion of flight {unknown}
 o - a potion of heal wounds
Books
 c - a book of Minor Magic

   Spells                             Type                      Level
   a - Magic Dart                     Conjuration                  1
   b - Blink                          Translocation                2
   c - Call Imp                       Summoning                    2
   d - Repel Missiles                 Charms/Air                   2
   e - Slow                           Hexes                        2
   f - Conjure Flame                  Conjuration/Fire             3
   g - Mephitic Cloud                 Conjuration/Poison/Air       3
Comestibles
 d - 3 bread rations


   Skills:
 - Level 2.4 Dodging
 - Level 2.4 Stealth
 - Level 4.5 Spellcasting
 + Level 3.2 Conjurations
 - Level 1.1 Summonings
 - Level 1.1 Translocations


You had one spell level left.
You knew the following spells:

 Your Spells              Type           Power        Failure   Level  Hunger
a - Repel Missiles        Chrm/Air       #.....       17%         2    None
b - Blink                 Tloc           N/A          12%         2    None
d - Call Imp              Summ           ##......     12%         2    None
e - Mephitic Cloud        Conj/Pois/Air  ##......     21%         3    ##.....
z - Magic Dart            Conj           ###.         2%          1    None


Dungeon Overview and Level Annotations

Branches:
Dungeon (4/15)
 Temple: D:4-7

Altars:
Gozag
Ru

Annotations:
D:3 Grinder


Message History

The ogre is engulfed in noxious fumes.
The ogre appears confused.
Casting: Magic Dart
Confirm with . or Enter, or press ? or * to list all spells.
Aiming: Magic Dart
Press: ? - help, Shift-Dir - straight line, f/p - ogre
Aim: an ogre, wielding a giant spiked club (moderately wounded, confused)
The magic dart hits the ogre.
The ogre is heavily wounded.
The ogre is engulfed in noxious fumes.
The ogre appears confused.
The ogre ponders the situation.
Casting: Magic Dart
Confirm with . or Enter, or press ? or * to list all spells.
Aiming: Magic Dart
Press: ? - help, Shift-Dir - straight line, f/p - ogre
Aim: an ogre, wielding a giant spiked club (heavily wounded, confused)
The magic dart hits the ogre.
The ogre is severely wounded.
The ogre hits you with a giant spiked club!!
Ouch! That really hurt!
You die...

...........'.........+
......#
#####†..####.........#
#...# ##.......# #.###
##.....## #.# ##...##
#.# ##'## #.#
#.####### .# #........
#@.#####. #..O#
...§§.. ###.§.#.#
.§....# ####.### .# .#


You could see an ogre (confused).

Vanquished Creatures
  A worker ant (D:4)
  3 leopard geckos (D:4)
  2 orcs (D:3)
  2 giant cockroaches
  A kobold (D:3)
  3 bats
  A rat (D:3)
13 creatures vanquished.

Notes
Turn   | Place    | Note
-------+----------+-------------------------------------------
     0 | D:1      | Amnesiac the Deep Elf Wizard began the quest for the Orb.
     0 | D:1      | Reached XP level 1. HP: 10/10 MP: 7/7
   532 | D:3      | Reached XP level 2. HP: 15/15 MP: 6/9
   536 | D:3      | Learned a level 2 spell: Repel Missiles
   539 | D:3      | Learned a level 2 spell: Blink
   591 | D:3      | Noticed Grinder
   727 | D:4      | Noticed a scorpion
   796 | D:4      | Learned a level 2 spell: Call Imp
   827 | D:4      | Reached XP level 3. HP: 19/19 MP: 6/11
   832 | D:4      | Learned a level 3 spell: Mephitic Cloud
   835 | D:4      | Found an opulent altar of Gozag.
   979 | D:4      | Found a sacrificial altar of Ru.
  1120 | D:4      | Noticed an ogre
  1128 | D:4      | Slain by an ogre

Vault maps used:
D:1:      eino_arrival_cavern_e
D:2:      lemuel_doored_altar, lemuel_round_altar, minmay_tall_x
D:3:      first_bread, uniq_grinder
D:4:      lemuel_crystal_altar, nicolae_ru_sacrificial_ziggurat,
          portal_sewer_entry_e

Skill      XL: |  1  2 |
---------------+-------+-----
Conjurations   | 2 3 |  3.2
Dodging        | |  2.4
Stealth        | |  2.4
Spellcasting   | |  4.5
Summonings     | |  1.1
Translocations | |  1.1

Action                   || total
-------------------------++-------
Melee: Unarmed           ||     1
 Cast: Magic Dart        ||    46
       Call Imp          ||     1
       Repel Missiles    ||     1
       Mephitic Cloud    ||     2
Armor: Robe              ||     1
Dodge: Dodged            ||     7
